 Dungeon Crawl Stone Soup version 0.19.5 (webtiles) character file.

141 Plasmo the Magician (level 5, -1/39 HPs)
             Began as a Human Wanderer on May 14, 2017.
             Slain by a sky beast (5 damage)
             ... on level 3 of the Dungeon.
             The game lasted 00:09:10 (2714 turns).

Plasmo the Magician (Human Wanderer)                Turns: 2714, Time: 00:09:11

Health: -1/39      AC:  6    Str: 11    XL:     5   Next: 48%
Magic:  8/8        EV:  8    Int: 14    God:
Gold:   51         SH:  0    Dex: 13    Spells: 0 memorised, 9 levels left

rFire  . . .     SeeInvis .     a - +2 falchion
rCold  . . .     Gourm    .     e - +0 scale mail
rNeg   . . .     Faith    .     (no shield)
rPois  .         Spirit   .     (no helmet)
rElec  .         Reflect  .     (no cloak)
rCorr  .         Harm     .     (no gloves)
MR     .....                    (no boots)
Stlth  ..........               (no amulet)
                                (no ring)
                                (no ring)

@: heavily drained
A: no striking features
a: no special abilities


You were on level 3 of the Dungeon.
You were not hungry.

You visited 1 branch of the dungeon, and saw 3 of its levels.

You collected 51 gold pieces.

Inventory:

Hand Weapons
 a - a +2 falchion (weapon)
Missiles
 h - 3 javelins (quivered)
 p - 5 tomahawks
Armour
 e - a +0 scale mail (worn)
Wands
 j - a wand of flame (16/48)
Scrolls
 c - a scroll of magic mapping
Potions
 g - a potion of flight
Books
 b - the Guide on Malediction

   Spells                             Type                      Level
   a - Corona                         Hexes                        1
   b - Confuse                        Hexes                        3
Comestibles
 f - 3 bread rations
 k - a meat ration


   Skills:
 * Level 2.4(0.0) Fighting
 * Level 1.9(0.0) Long Blades
 + Level 1.5(0.0) Throwing
 * Level 1.0(0.0) Armour
 * Level 2.4(0.0) Dodging
 + Level 0.4(0.0) Stealth
   Level 1.0(0.0) Shields
 * Level 2.5(0.0) Spellcasting
   Level 1.0(0.0) Transmutations
   Level 2.0(0.0) Air Magic
 + Level 0.8(0.0) Evocations


You had 9 spell levels left.
You didn't know any spells.

Dungeon Overview and Level Annotations

Branches:
Dungeon (3/15)

Altars:


Message History

Throwing (i - inventory. (,) - cycle):
h - 6 javelins (quivered)
Press: ? - help, Shift-Dir - straight line, f - orc
Aim: an orc, wielding a hand axe and wearing a leather armour You throw a javelin.
Something hits you.
* * * LOW HITPOINT WARNING * * *
Something shocks you.
* * * LOW HITPOINT WARNING * * *
Throwing (i - inventory. (,) - cycle):
h - 5 javelins (quivered)
Press: ? - help, Shift-Dir - straight line, f/p - orc
Aim: an orc, wielding a hand axe and wearing a leather armour You throw a javelin.
The javelin hits the orc.
The orc is severely wounded.
Something hits you but does no damage. x2
Throwing (i - inventory. (,) - cycle):
h - 4 javelins (quivered)
Press: ? - help, Shift-Dir - straight line, f/p - orc
Aim: an orc, wielding a hand axe and wearing a leather armour (severely wounded)
You throw a javelin. The javelin closely misses the orc.
Something hits you.
* * * LOW HITPOINT WARNING * * *
Something shocks you.
You die...

#..................#.
#....................
#.o..................
**...............#.##
**....,##.......#...
**#!.##........###.
*#..#.###..### #.
#################...# #.(..###.
##............†@{o...###.##..###
##............#######.##Y.###..##
#...<..........# #..#..# ##.##
#..............# ##Y...# #.##
#..............# #..#.# ##.##
#.........<....# #..#.#*#....
#..............# ****#....#...##(
##............## *>,,.......##*##
##..........## *,,......>.* #


You could see an orc.

Vanquished Creatures
  A bullfrog skeleton (D:3)
  5 adders
  An ooze (D:2)
  2 worms
  A dart slug (D:1)
  A leopard gecko (D:2)
  3 orcs
  2 ball pythons
  3 giant cockroaches
  5 goblins
  4 hobgoblins
  A quokka (D:2)
  6 bats
  4 frilled lizards
  8 kobolds
  11 rats
58 creatures vanquished.

Notes
Turn   | Place    | Note
-------+----------+-------------------------------------------
     0 | D:1      | Plasmo the Human Wanderer began the quest for the Orb.
     0 | D:1      | Plasmo set off with: a +2 falchion, the Guide on Malediction, a potion of curing, a +0 robe, a bread ration
     0 | D:1      | Reached XP level 1. HP: 15/15 MP: 3/3
     0 | D:1      | Identified the Guide on Malediction
   119 | D:1      | Reached XP level 2. HP: 21/21 MP: 5/5
   552 | D:1      | Reached XP level 3. HP: 21/26 MP: 6/6
  1022 | D:2      | Reached XP level 4. HP: 33/33 MP: 7/7
  1864 | D:3      | Noticed a sky beast
  2130 | D:3      | Reached XP level 5. HP: 32/38 MP: 8/8
  2144 | D:3      | Reached skill level 1 in Armour
  2714 | D:3      | Slain by a sky beast

Skill      XL: |  1  2  3  4  5 |
---------------+----------------+-----
Dodging        | 2 |  2.4
Fighting       | 2 |  2.4
Armour         | 1 |  1.0
Long Blades    | |  1.9
Throwing       | |  1.5
Stealth        | |  0.4
Shields        | |  1.0
Spellcasting   | |  2.5
Transmutations | |  1.0
Air Magic      | |  2.0
Evocations     | |  0.8

Action                   |  1- 3 |  4- 6 || total
-------------------------+-------+-------++-------
Melee: Falchion          |    93 |   115 ||   208
Throw: Javelin           |       |     3 ||     3
  Use: Scroll            |     3 |     3 ||     6
       Potion            |       |     5 ||     5
  Eat: Chunk             |       |     3 ||     3
       Meat ration       |       |     1 ||     1
Armor: Scale mail        |    59 |    66 ||   125
Dodge: Dodged            |    56 |    63 ||   119
       Rpst.: Falchion   |    18 |    16 ||    34
